 Dungeon Crawl Stone Soup version 0.23.2-33-g5129a83184 (console) character file.

Game seed: 11657672838791809919

224 FlyingSalmon the Cudgeler (level 6, 0/38 HPs)
             Began as a Gargoyle Fighter on July 24, 2019.
             Slain by a worker ant (2 damage)
             ... on level 3 of the Dungeon.
             The game lasted 00:06:11 (2744 turns).

FlyingSalmon the Cudgeler (Gargoyle Fighter)        Turns: 2744, Time: 00:06:12

Health: 0/38       AC: 11    Str: 22    XL:     6   Next: 0%
Magic:  6/6        EV:  8    Int:  8    God:
Gold:   155        SH:  9    Dex:  9    Spells: 5/5 levels left

rFire    . . .     SeeInvis .   a - +0 flail
rCold    . . .     Gourm    .   c - +0 shield
rNeg     + . .     Faith    .   b - +0 scale mail
rPois    ∞         Spirit   .   (no helmet)
rElec    +         Reflect  .   (no cloak)
rCorr    .         Harm     .   (no gloves)
MR       .....                  (no boots)
Stlth    ..........             (no amulet)
HPRegen  0.12/turn              (no ring)
MPRegen  0.10/turn              (no ring)

@: no status effects
A: negative energy resistance 1, electricity resistance, unbreathing,
petrification resistance, rot immunity, AC +4
a: no special abilities


You were on level 3 of the Dungeon.
You were not hungry.

You visited 1 branch of the dungeon, and saw 4 of its levels.

You collected 155 gold pieces.

Inventory:

Hand Weapons
 a - a +0 flail (weapon)
Missiles
 e - 166 stones (quivered)
Armour
 b - a +0 scale mail (worn)
 c - a +0 shield (worn)
Jewellery
 g - an uncursed ring of ice {unknown}
Wands
 q - a wand of flame (12)
Scrolls
 h - 3 scrolls of identify
 j - a scroll of enchant weapon
 m - a scroll of noise
 o - a scroll of immolation
Potions
 d - a potion of might
 i - a potion of agility {unknown}
 k - a potion of lignification {unknown}
 l - 2 potions of heal wounds {unknown}
 n - 2 potions of curing {unknown}
 p - a potion of brilliance {unknown}
 r - a potion of haste {unknown}
Comestibles
 f - 5 rations
 s - a chunk of flesh


   Skills:
 + Level 4.0 Fighting
 * Level 4.7 Maces & Flails
 + Level 0.1 Throwing
 + Level 3.6 Armour
 + Level 0.9 Dodging
 - Level 4.0 Shields


You had 5 spell levels left.
You didn't know any spells.
Your spell library was empty.

Dungeon Overview and Level Annotations

Branches:
Dungeon (4/15)
 Temple: D:4-7

Altars:
Ashenzari
Makhleb
Okawaru
Ru
Trog


Innate Abilities, Weirdness & Mutations

You are resistant to torment.
Your stone body is resilient. (AC +4)
You are immune to poison.
You resist negative energy. (rN+)
You are resistant to electric shocks. (rElec)
You can survive without breathing.
You are immune to petrification.
You are immune to rotting.


Message History

You closely miss the worker ant.
The worker ant bites you but does no damage.
The worker ant bites you.
* * * LOW HITPOINT WARNING * * *
The worker ant bites you but does no damage.
There is a stone staircase leading up here.
The worker ant bites you but does no damage.
You climb upwards.
There is a stone staircase leading down here.
The worker ant bites you.
* * * LOW HITPOINT WARNING * * *
You closely miss the worker ant. The worker ant barely misses you.
You hit the worker ant.
The worker ant is lightly wounded.
The worker ant bites you.
* * * LOW HITPOINT WARNING * * *
You closely miss the worker ant.
The worker ant is lightly wounded.
The worker ant bites you.
You die...

≈≈≈≈≈≈P≈≈≈≈#### ####.#
≈≈≈PP..≈≈#### #....#
...≈.....P..### ######..#
..............# #....#..#
#.#.#.#.##.#..###.##.#..#
#.#.#)..##.#...##.#.....#
#.......##.#...##.#..##.#
...........##..##.#..##.########
#.............>a@..............#
#.#.######.##.###.###.#.######.#
.....#.....#............# #.#
......................### #.#
#.#......#........###.# #.#
#.#..#.#.######.#.##..# #.#
#.#.##.#.# #.#.....########.#
#.#.##...# #.#.##..#........#
#.#.##...######.#.#.....########


You could see a worker ant.

Vanquished Creatures
  A centaur (D:2)
  A worker ant (D:2)
  2 adders (D:2)
  3 gnolls (D:3)
  2 worms (D:2)
  3 dart slugs (D:1)
  2 orcs
  4 bats
  3 giant cockroaches
  5 goblins
  10 hobgoblins
  5 jackals
  3 ball pythons
  4 frilled lizards
  5 kobolds
  7 rats
60 creatures vanquished.

Notes
Turn   | Place    | Note
-------+----------+-------------------------------------------
     0 | D:1      | FlyingSalmon the Gargoyle Fighter began the quest for the
                  | Orb.
     0 | D:1      | Reached XP level 1. HP: 14/14 MP: 1/1
    87 | D:1      | Reached XP level 2. HP: 18/19 MP: 2/2
   503 | D:1      | Reached XP level 3. HP: 22/23 MP: 3/3
   734 | D:2      | Reached XP level 4. HP: 24/29 MP: 4/4
   853 | D:2      | Noticed a centaur
   866 | D:2      | Killed a centaur
   866 | D:2      | Reached XP level 5. HP: 20/33 MP: 5/5
  1484 | D:2      | Found a shattered altar of Ashenzari.
  1484 | D:2      | Found a bloodstained altar of Trog.
  1489 | D:2      | Found a burning altar of Makhleb.
  1491 | D:2      | Found a sacrificial altar of Ru.
  1492 | D:2      | Found an iron altar of Okawaru.
  2696 | D:4      | Reached XP level 6. HP: 36/38 MP: 6/6
  2744 | D:3      | Slain by a worker ant

Skill      XL: |  1  2  3  4  5 |
---------------+----------------+-----
Shields        | 4 |  4.0
Maces & Flails | 3 4 |  4.7
Fighting       | 4 |  4.0
Throwing       | |  0.1
Armour         | |  3.6
Dodging        | |  0.9

Action                   |  1- 3 |  4- 6 || total
-------------------------+-------+-------++-------
Melee: Flail             |   104 |   148 ||   252
Throw: Stone             |     2 |    15 ||    17
  Use: Scroll            |       |     3 ||     3
  Eat: Chunk             |       |     6 ||     6
Armor: Scale mail        |    61 |    75 ||   136
Dodge: Dodged            |    37 |    34 ||    71
Block: Shield            |    49 |    71 ||   120
